AoeStats
← PanPixu

Black Forest

508833480Analyzed
4v4 RM · 8d ago on Sep 24, 2026· 61m 53s· 8 players
Game mode
Random Map
Map size
Large (8 player)
Population
200
Speed
Normal
Resources
Standard
Victory
Conquest
Starting age
Dark Age
Ending age
Imperial Age
RankedLock teamsTeams togetherTeam positionsShared explorationLock speedFull tech treeHidden civsTurbo modeCheats
Victory
Defeat
🇫🇷 Britons · France
825
+15
🇫🇷 Persians · France
798
+16
🇹🇷 Turks · Türkiye
781
+17
🇩🇪 Persians · Germany
775
+17
🇨🇳 Goths · China
849
-18
🇺🇸 Lithuanians · United States
812
-17
🇺🇸 Bulgarians · United States
774
-38
🇨🇿 Varangians · Czechia
771
-15
WatSollDennDat
12:33 Feudal Age
13:12 Double-Bit Axe
13:12 Horse Collar
19:32 Wheelbarrow
23:02 Castle Age
24:08 Loom
26:23 Bow Saw
26:18 Heavy Plow
30:17 Gold Mining
30:24 Stone Mining
31:40 Hand Cart
31:35 Caravan
32:58 Stone Shaft Mining
33:08 Forging
33:06 Scale Barding Armor
37:30 Imperial Age
36:57 Husbandry
37:08 Bloodlines
37:46 Iron Casting
37:32 Chain Barding Armor
37:51 Elite War Elephant
39:05 Crop Rotation
39:47 Two-Man Saw
41:25 Blast Furnace
41:05 Plate Barding Armor
41:16 Gold Shaft Mining
44:48 Scale Mail Armor
47:35 Ballistics
48:16 Chemistry
47:24 Padded Archer Armor
47:15 Fletching
47:41 Chain Mail Armor
47:36 Elite Skirmisher
48:22 Thumb Ring
56:56 Cavalier
58:20 Plate Mail Armor
58:06 Leather Archer Armor
57:47 Bodkin Arrow
58:59 Savar
FoXx
0:29 Loom
13:10 Feudal Age
15:49 Horse Collar
15:57 Double-Bit Axe
17:36 Wheelbarrow
22:50 Castle Age
23:47 Bow Saw
25:31 Caravan
25:16 Fishing Lines
27:11 Heavy Plow
29:49 Imperial Age
29:25 Stone Mining
29:30 Gold Mining
30:25 Hand Cart
30:59 Town Watch
31:45 Citadels
31:59 Conscription
32:48 Two-Man Saw
33:02 Stone Shaft Mining
33:07 Gold Shaft Mining
33:20 Bloodlines
33:11 Husbandry
33:34 Ballistics
33:10 Murder Holes
33:05 Heated Shot
34:16 Chemistry
33:28 Masonry
33:17 Herbal Medicine
34:25 Coinage
34:35 Crop Rotation
33:50 Cavalier
35:41 Gillnets
36:24 Savar
39:11 Forging
39:07 Scale Barding Armor
40:56 Iron Casting
43:46 Blast Furnace
43:07 Chain Barding Armor
42:39 Fletching
43:22 Architecture
47:05 Town Patrol
47:05 Bodkin Arrow
47:45 Plate Barding Armor
47:54 Hoardings
50:01 Pikeman
50:28 Arson
50:43 Squires
50:46 Padded Archer Armor
50:46 Scale Mail Armor
61:14 Banking
60:55 Guilds
61:04 Chain Mail Armor
61:05 Leather Archer Armor
60:13 Halberdier
60:30 Sappers
timifisher
0:59 Loom
11:28 Feudal Age
17:30 Castle Age
15:50 Double-Bit Axe
15:49 Horse Collar
16:09 Fishing Lines
16:43 Gold Mining
16:52 Stone Mining
19:53 Gold Shaft Mining
29:16 Wheelbarrow
30:05 Caravan
32:00 Hand Cart
31:50 Gillnets
32:14 Bow Saw
32:07 Heavy Plow
32:59 Fervor
36:27 Imperial Age
34:18 Padded Archer Armor
34:08 Fletching
34:30 Forging
34:21 Scale Mail Armor
35:40 Fortified Wall
35:51 Ballistics
35:22 Heated Shot
35:13 Treadmill Crane
35:29 Murder Holes
35:44 Masonry
36:13 Yeomen
36:22 Bodkin Arrow
36:43 Leather Archer Armor
37:04 Iron Casting
36:39 Town Watch
37:15 Warwolf
36:36 Elite Longbowman
37:37 Conscription
36:46 Pikeman
37:26 Squires
38:43 Crossbowman
38:47 Halberdier
42:26 Two-Man Saw
41:41 Arbalester
44:00 Man-at-Arms
44:26 Gambesons
44:27 Arson
45:20 Ring Archer Armor
44:50 Bracer
45:06 Chain Mail Armor
45:51 Blast Furnace
45:55 Chemistry
45:25 Architecture
45:01 Siege Engineers
48:49 Plate Mail Armor
50:11 Long Swordsman
51:02 Two-Handed Swordsman
52:29 Champion
59:29 Scale Barding Armor
59:21 Cranequins
59:21 Heavy Mounted Crossbowman
59:22 Elite Skirmisher
61:39 Arrowslits
61:46 Guard Tower
62:01 Siphons
62:17 Shipwright
62:08 Clinker Construction
62:08 Careening
62:39 Hoardings
61:35 Sappers
milton friedman
0:44 Loom
11:38 Feudal Age
13:07 Wheelbarrow
14:34 Double-Bit Axe
fudychiji
12:02 Feudal Age
18:48 Castle Age
22:33 Double-Bit Axe
24:52 Horse Collar
27:39 Caravan
29:02 Heavy Plow
30:52 Bow Saw
35:15 Imperial Age
33:28 Anarchy
34:07 Scale Mail Armor
34:18 Forging
35:33 Wheelbarrow
34:50 Town Watch
35:24 Chain Mail Armor
35:44 Iron Casting
36:28 Crop Rotation
36:05 Gold Mining
38:27 Blast Furnace
37:52 Conscription
37:33 Perfusion
38:47 Squires
39:38 Elite Huskarl
42:47 Hand Cart
42:38 Town Patrol
43:24 Pikeman
43:38 Halberdier
PanPixu
8:48 Loom
11:30 Feudal Age
16:43 Castle Age
14:33 Double-Bit Axe
14:34 Horse Collar
20:54 Bow Saw
21:40 Bow Saw
21:36 Heavy Plow
21:40 Gold Mining
25:44 Wheelbarrow
27:51 Forging
27:41 Scale Mail Armor
28:37 Caravan
31:33 Arson
31:49 Squires
31:35 Gambesons
32:12 Chain Mail Armor
32:33 Iron Casting
36:00 Imperial Age
33:19 Town Watch
33:49 Hand Cart
35:35 Fletching
35:54 Scale Barding Armor
37:17 Conscription
36:20 Gothikon
36:35 Elite Varangian Guard
37:50 Plate Mail Armor
38:21 Blast Furnace
37:26 Bodkin Arrow
37:41 Husbandry
37:52 Bloodlines
37:16 Light Cavalry
39:38 Bracer
39:03 Hussar
41:57 Crop Rotation
42:30 Two-Man Saw
41:39 Town Patrol
44:30 Chemistry
43:26 Murder Holes
43:53 Ballistics
43:48 Masonry
43:27 Fishing Lines
45:54 Chain Barding Armor
53:05 Capped Ram
57:29 Cavalier
hotellingdavid73
9:45 Feudal Age
12:17 Horse Collar
28:03 Castle Age
26:48 Double-Bit Axe
27:15 Gold Mining
30:31 Wheelbarrow
35:58 Gold Shaft Mining
36:06 Pikeman
36:56 Scale Barding Armor
nickvictory98
10:20 Feudal Age
12:45 Loom
22:00 Castle Age
22:48 Bloodlines
28:01 Gold Mining
28:04 Light Cavalry
29:45 Wheelbarrow
28:59 Horse Collar
30:27 Double-Bit Axe
35:37 Hand Cart
39:30 Thumb Ring
38:46 Elite Skirmisher
42:19 Imperial Age
42:41 Cavalier
43:23 Husbandry
43:50 Scale Barding Armor
44:09 Forging
44:31 Paladin
46:35 Chain Barding Armor
46:47 Pikeman
51:36 Winged Hussar
53:28 Halberdier
Connection lost

Rejoining the realm…

Still unreachable

The connection could not be restored.

Session expired

The server has moved on; the page needs a fresh start.